 Dungeon Crawl Stone Soup version 0.31-a0-354-g827e0957a7 (webtiles) character file.

Game seed: 3773961457126540974

95 Shard1697 the Ruffian (level 4, -5/35 HPs)
             Began as a Draconian Shapeshifter on July 23, 2023.
             Was an Initiate of Okawaru.
             Slain by an iguana (9 damage)
             ... on level 4 of the Dungeon.
             The game lasted 00:05:25 (2835 turns).

Shard1697 the Ruffian (Draconian Shapeshifter)      Turns: 2835, Time: 00:05:25

Health: -5/35      AC:  5    Str: 17    XL:     4   Next: 39%
Magic:  4/4        EV: 12    Int:  6    God:    Okawaru [......]
Gold:   146        SH:  0    Dex: 14    Spells: 3/3 levels left

rFire   . .          .
                       - Unarmed
rCold   . . .        (no shield)
rNeg    . . .        (body armour unavailable)
rPois   .            (helmet currently unavailable)
rElec   .            (cloak currently unavailable)
rCorr   .            (gloves currently unavailable)
SInv    .            (boots currently unavailable)
Will    .....        (no amulet)
Stlth   +            (no ring)
HPRegen 0.25/turn    (no ring)
MPRegen 0.09/turn

%: no passive effects
@: beast-form
A: beast (slay +2), AC +5, unfitting armour, cold-blooded, dopey 1
a: Begin Untransformation, Renounce Religion


You were on level 4 of the Dungeon.
You worshipped Okawaru.
Okawaru was noncommittal.
You were a hulking beast.
You visited 2 branches of the dungeon, and saw 5 of its levels.

You collected 146 gold pieces.

Inventory:

Armour
 i - a +0 kite shield
Talismans
 b - a beast talisman
Scrolls
 e - a scroll of enchant armour
 f - a scroll of fog {unknown}
 g - 2 scrolls of revelation {unknown}
 j - a scroll of teleportation {unknown}
 k - a scroll of summoning {unknown}


   Skills:
 + Level 1.2 Fighting
 - Level 1.7 Dodging
 * Level 5.2 Unarmed Combat
 - Level 3.0 Shapeshifting


You had 3 spell levels left.
You didn't know any spells.
Your spell library contained the following spells:

 Spells                   Type           Power      Damage    Failure   Level
 Apportation              Tloc           0%         N/A       45%         1
 Inner Flame              Hex/Fire       0%         N/A       83%         3
 Flame Wave               Conj/Fire      0%         2d4       99%         4
 Sticky Flame             Conj/Fire      0%         2d3       99%         4
 Alistair's Intoxication  Tmut/Pois      0%         N/A       100%        5
 Borgnjor's Vile Clutch   Necr/Erth      0%         N/A       100%        5
 Animate Dead             Necr           Unusable   N/A       N/A         4
 Death Channel            Necr           Unusable   N/A       N/A         6

Dungeon Overview and Level Annotations

Branches:
Dungeon (4/15)             Temple (1/1) D:4

Altars:
Ashenzari
Cheibriados
Dithmenos
Elyvilon
Gozag
Hepliaklqana
Kikubaaqudgha
Nemelex Xobeh
Okawaru
Qazlal
Ru
Sif Muna
Trog
Uskayaw
Vehumet
Wu Jian
Yredelemnul
Zin

Shops:
D:1 (


Innate Abilities, Weirdness & Mutations

You are a hulking beast.
Your limbs bulge with bestial killing power. (Slay +2)
Your plain brown scales are hard. (AC +5)
You cannot fit into any form of body armour.
You are cold-blooded and may be slowed by cold attacks.
You are dopey. (Int -2)


Message History

There is a staircase to the Ecumenical Temple here.
Found two daggers.
You see here a +0 dagger.
An iguana comes into view.
The iguana hisses angrily.
You hit the iguana but do no damage. The iguana barely misses you.
You hit the iguana.
The iguana is lightly wounded.
The iguana bites you!
You hit the iguana.
The iguana is moderately wounded.
The iguana bites you but does no damage.
You hit the iguana.
The iguana is moderately wounded.
The iguana bites you!
You barely miss the iguana.
The iguana is moderately wounded.
The iguana misses you. The iguana attacks as you move away!
The iguana misses you.
You aren't carrying any potions.
You completely miss the iguana.
The iguana is moderately wounded.
The iguana bites you.
You hit the iguana but do no damage.
The iguana is moderately wounded.
You hit the iguana.
The iguana is heavily wounded.
The iguana closely misses you.
You hit the iguana.
You tail-slap the iguana, but do no damage.
The iguana is severely wounded.
The iguana closely misses you.
You hit the iguana but do no damage.
The iguana is severely wounded.
The iguana bites you!
* * * LOW HITPOINT WARNING * * *
You barely miss the iguana.
The iguana is severely wounded.
The iguana bites you!
You die...

#..........
#)..)......
#......####
#......#
###..###
##########..#
#...........#
#.########.##
#h# #.# #l#
#.# #.# #.#
#.# #.# #.#
#.# #.# #.#
#.# #.# #.#


You could see an iguana.

Vanquished Creatures
  3 adders (D:2)
  2 gnolls (D:3)
  A worm (D:4)
  6 bats
  5 endoplasms
  A giant cockroach (D:1)
  3 goblins
  3 hobgoblins
  2 jackals (D:3)
  4 kobolds
  3 quokkas
  5 ball pythons
  4 frilled lizards
  3 rats
45 creatures vanquished.

Notes
Turn   | Place    | Note
-------+----------+-------------------------------------------
     0 | D:1      | Shard1697 the Draconian Shapeshifter began the quest for
                  | the Orb.
     0 | D:1      | Reached XP level 1. HP: 16/16 MP: 1/1
   297 | D:1      | Reached XP level 2. HP: 23/23 MP: 2/2
   369 | D:1      | Found a faded altar of an unknown god.
   395 | D:1      | Found Yleapp's Antique Weapon Shoppe.
  1159 | D:2      | Reached skill level 4 in Unarmed Combat
  1198 | D:2      | Reached XP level 3. HP: 13/28 MP: 3/3
  1495 | D:2      | Found a broken altar of Ashenzari.
  2319 | D:3      | Reached XP level 4. HP: 35/35 MP: 4/4
  2370 | D:3      | Reached skill level 5 in Unarmed Combat
  2377 | D:3      | Gained mutation: You are dopey. (Int -2) [potion of
                  | mutation]
  2623 | D:3      | You fall into a shaft and drop 1 floor!
  2758 | D:4      | Found a staircase to the Ecumenical Temple.
  2767 | Temple   | Entered the Ecumenical Temple
  2778 | Temple   | Became a worshipper of Warmaster Okawaru
  2835 | D:4      | Slain by an iguana

Illustrated notes

Levels and vault maps discovered:
D:1:      saegor_arrival_fortress, layout_loops_corners, basic_ecumenical_altar,
          serial_shops, shop, minmay_misc_feat_more_columns
D:2:      wad_lake_hut, layout_basic, basic_altar, st_stairs_3
D:3:      layout_basic
D:4:      layout_basic, minmay_temple_entry_poolview, palyth_stone_intersect,
          grunt_ministairs_5, grunt_decor_mini_mirrors
Temple:   mainiacjoe_temple_bowtie_tessellation

Skill      XL: |  1  2  3  4 |
---------------+-------------+-----
Unarmed Combat | 4 5 |  5.2
Fighting       | |  1.2
Dodging        | |  1.7
Shapeshifting  | |  3.0

Action                     |  1- 3 |  4- 6 || total
---------------------------+-------+-------++-------
  Melee: Unarmed           |    86 |    30 ||   116
         Tailslap          |     9 |     5 ||    14
         Punch             |     3 |       ||     3
    Use: Potion            |       |     4 ||     4
         Scroll            |       |     1 ||     1
   Stab: Sleeping          |     2 |       ||     2
 Armour: Skin              |    22 |    19 ||    41
  Dodge: Dodged            |    46 |    16 ||    62

Table legend: (Time is in decaauts)
 A = Elapsed time spent in this place.
 B = Non-inter-level travel time spent in this place.
 C = Inter-level travel time spent in this place.
 D = Time resting spent in this place.
 E = Time spent auto-exploring this place.
 F = Levels seen in this place.
 G = Mean time per level.
                   A        B        C        D        E       F      G
               +--------+--------+--------+--------+--------+-----+--------+
         Total |   2856 |   2660 |    196 |    292 |   1766 |   5 |  571.2 |
       Dungeon |   2835 |   2652 |    183 |    292 |   1766 |   4 |  708.8 |
        Temple |     20 |      7 |     13 |      0 |      0 |   1 |   20.0 |
               +--------+--------+--------+--------+--------+-----+--------+

Top non-repeatable levels by time:
     D:2: 1267 daAuts
     D:1: 1164 daAuts
     D:3: 214 daAuts
     D:4: 189 daAuts
  Temple: 20 daAuts
